 Dungeon Crawl Stone Soup version 0.28.0-53-g5a82cb258f (webtiles) character file.

Game seed: 555790689568169976

1668 DocClef the Cleaver (level 8, 0/64 HPs)
             Began as a Minotaur Fighter on July 3, 2022.
             Was a Follower of Makhleb.
             Slain by a gnoll
             ... wielding a +0 spear
              (5 damage)
             ... on level 7 of the Dungeon.
             The game lasted 00:07:02 (6693 turns).

DocClef the Cleaver (Minotaur Fighter)              Turns: 6693, Time: 00:07:03

Health: 0/64       AC:  6    Str: 23    XL:     8   Next: 69%
Magic:  7/7        EV: 10    Int: 11    God:    Makhleb [*.....]
Gold:   443        SH:  5    Dex: 14    Spells: 7/7 levels left

rFire   . . .      SeeInvis +   v - +2 hand axe (freeze)
rCold   + + .      Faith    .   c - +0 buckler
rNeg    . . .      Spirit   .   k - +1 leather armour of Integrity {rC+ Int+6 Dex+4 SInv}
rPois   .          Reflect  .   (helmet restricted)
rElec   .          Harm     .   x - +1 cloak
rCorr   .          Rampage  .   (no gloves)
Will    .....                   (no boots)
Stlth   +.........              (no amulet)
HPRegen 0.20/turn               f - ring "Quupn" {rC+ Slay+5}
MPRegen 0.10/turn               h - ring of flight

@: mighty, flying
A: horns 2, retaliatory headbutt
a: Renounce Religion


You were on level 7 of the Dungeon.
You worshipped Makhleb.
Makhleb was aware of your devotion.
You visited 2 branches of the dungeon, and saw 8 of its levels.
You also visited: Sewer.

You collected 443 gold pieces.

Inventory:

Hand Weapons
 a - a +0 war axe of venom
 v - a +2 hand axe of freezing (weapon)
Missiles
 e - 2 atropa-tipped darts (quivered)
Armour
 c - a +0 buckler (worn)
 k - the +1 leather armour of Integrity (worn) {rC+ Int+6 Dex+4 SInv}
   (You found it on level 2 of the Dungeon)

   Int:       It affects your intelligence (+6).
   Dex:       It affects your dexterity (+4).
   rC:        It protects you from cold.
   SInv:      It lets you see invisible.
 x - a +1 cloak (worn)
Jewellery
 f - the ring "Quupn" (left hand) {rC+ Slay+5}
   (You acquired it on level 6 of the Dungeon)

   [ring of protection from cold]

   Slay:      It affects your accuracy & damage with ranged weapons and melee
   (+5).
   rC:        It protects you from cold.
 h - a ring of flight (right hand)
 i - a ring of positive energy
Wands
 b - a wand of digging (7)
 r - a wand of paralysis (1)
 z - a wand of polymorph (9)
Scrolls
 l - 4 scrolls of teleportation
 n - a scroll of identify {unknown}
 u - a scroll of fear {unknown}
 y - 3 scrolls of noise
Potions
 d - a potion of lignification {unknown}
 g - a potion of haste {unknown}
 j - 3 potions of degeneration
 m - a potion of cancellation {unknown}
 o - 3 potions of curing {unknown}
 p - 2 potions of heal wounds {unknown}
 s - a potion of invisibility {unknown}
 t - 6 potions of flight
 w - 3 potions of mutation {unknown}


   Skills:
 - Level 3.6 Fighting
 + Level 13.3 Axes
 - Level 3.6 Armour
 - Level 3.6 Shields


You had 7 spell levels left.
You didn't know any spells.
Your spell library contained the following spells:

 Spells                   Type           Power      Damage    Failure   Level
 Animate Skeleton         Necr           0%         N/A       47%         1
 Apportation              Tloc           0%         N/A       47%         1
 Magic Dart               Conj           0%         1d3       47%         1
 Summon Small Mammal      Summ           0%         N/A       47%         1
 Searing Ray              Conj           0%         2d4       63%         2
 Fulminant Prism          Conj/Hex       0%         3d6       99%         4


Dungeon Overview and Level Annotations

Branches:
Dungeon (7/15)             Temple (1/1) D:6           Sewer (visited)

Altars:
Ashenzari
Cheibriados
Dithmenos
Elyvilon
Fedhas
Gozag
Hepliaklqana
Kikubaaqudgha
Makhleb
Nemelex Xobeh
Okawaru
Ru
Uskayaw
Vehumet
Wu Jian
Xom
Yredelemnul
Zin
The Shining One

Shops:
D:2 =


Innate Abilities, Weirdness & Mutations

You have a pair of horns on your head.
You reflexively headbutt those who attack you in melee.


Message History

You kill the gnoll!
Makhleb accepts your kill.
You feel better.
You hit the hornet zombie. The hornet zombie hits you.
The gnoll hits you from afar with a +0 spear.
The gnoll closely misses you.
You are too injured to fight recklessly!
You are too injured to fight recklessly!
Unknown command.
You hit the hornet zombie. You headbutt the hornet zombie.
The hornet zombie is moderately damaged.
The hornet zombie hits you.
You slash the hornet zombie! You freeze the hornet zombie.
The hornet zombie is heavily damaged.
The gnoll hits you from afar with a +0 spear.
* * * LOW HITPOINT WARNING * * *
The gnoll barely misses you. The hornet zombie hits you.
* * * LOW HITPOINT WARNING * * *
Unknown command.
The hornet zombie closely misses you. The hornet zombie hits you.
* * * LOW HITPOINT WARNING * * *
You feel very mighty all of a sudden.
The gnoll hits you from afar with a +0 spear.
* * * LOW HITPOINT WARNING * * *
The gnoll closely misses you. The hornet zombie hits you.
* * * LOW HITPOINT WARNING * * *
You slash the hornet zombie! You headbutt the hornet zombie!
The hornet zombie is almost destroyed.
The hornet zombie closely misses you.
The gnoll hits you from afar with a +0 spear.
* * * LOW HITPOINT WARNING * * *
The gnoll hits you but does no damage.
Unknown command.
You slash the hornet zombie!
You destroy the hornet zombie!
Makhleb accepts your kill. The gnoll closely misses you. x2
You completely miss the gnoll. The gnoll hits you but does no damage.
The gnoll hits you with a +0 spear.
You die...

........#
........#
........# #..
........# #..
........# #.#
........# #.#
......))####.#
........g@.#.#
......)g##.#.#
##########.#.##
#....#
###..#########
#.........<#
#.##########
#.. ###


You could see 2 gnolls.

Vanquished Creatures
  Sigmund (D:5)
  2 water moccasins
  A hornet zombie (D:7)
  3 ice beasts
  A phantom (D:6)
  A scorpion (D:4)
  3 wights (D:6)
  A bullfrog zombie (D:6)
  2 jellies
  Crazy Yiuf (D:3)
  3 hounds
  2 gnoll shamans
  Ijyb (D:5)
  An iguana (D:4)
  6 gnolls
  A howler monkey skeleton (D:4)
  11 adders
  4 river rats (Sewer)
  2 ufetubi (D:6)
  2 adder skeletons
  3 worms
  3 dart slugs
  10 orcs
  15 ball pythons
  9 bats
  7 endoplasms
  9 goblins
  10 hobgoblins
  2 jackals (Sewer)
  7 kobolds
  3 quokkas
  8 frilled lizards
  3 rats
138 creatures vanquished.

Vanquished Creatures (others)
  A withered plant (D:6)
1 creature vanquished.

Grand Total: 139 creatures vanquished

Notes
Turn   | Place    | Note
-------+----------+-------------------------------------------
     0 | D:1      | DocClef the Minotaur Fighter began the quest for the Orb.
     0 | D:1      | Reached XP level 1. HP: 19/19 MP: 0/0
    85 | D:1      | Reached skill level 3 in Axes
   106 | D:1      | Found a faded altar of an unknown god.
   218 | D:1      | Reached XP level 2. HP: 26/26 MP: 1/1
   712 | D:1      | Reached skill level 4 in Axes
   964 | D:2      | Found Uxteb's Jewellery Shop.
  1066 | D:2      | Reached XP level 3. HP: 31/31 MP: 2/2
  1141 | D:2      | Reached skill level 5 in Axes
  1289 | D:2      | Reached XP level 4. HP: 39/39 MP: 3/3
  1460 | D:2      | Identified the +1 leather armour of Integrity {rC+ Int+6
                  | Dex+4 SInv}
  2276 | D:3      | Found a broken altar of Ashenzari.
  2364 | D:3      | Found a runed translucent door.
  2365 | D:3      | Noticed Crazy Yiuf
  2406 | D:3      | Identified the +5 whip "Fephew" {spect, Drain rF+ Int+7
                  | SInv}
  2692 | D:3      | Killed Crazy Yiuf
  2693 | D:3      | Reached skill level 6 in Axes
  2773 | D:4      | Noticed a scorpion
  2776 | D:4      | Killed a scorpion
  2777 | D:4      | Reached XP level 5. HP: 45/45 MP: 4/4
  2787 | D:4      | Reached skill level 7 in Axes
  3105 | D:4      | Reached XP level 6. HP: 49/51 MP: 5/5
  3286 | D:4      | Found a hazy altar of Hepliaklqana.
  3584 | D:4      | Reached skill level 8 in Axes
  3644 | D:5      | Entered Level 5 of the Dungeon
  3753 | D:5      | Noticed Ijyb
  3754 | D:5      | Paralysed by Ijyb for 4 turns
  3764 | D:5      | Paralysed by Ijyb for 2 turns
  3774 | D:5      | Paralysed by Ijyb for 7 turns
  3787 | D:5      | Killed Ijyb
  4115 | D:5      | Noticed Sigmund
  4128 | D:5      | Killed Sigmund
  4129 | D:5      | Reached skill level 9 in Axes
  4364 | D:5      | Noticed an ice beast
  4376 | D:5      | Killed an ice beast
  4377 | D:5      | Reached XP level 7. HP: 37/57 MP: 6/6
  4547 | D:5      | Reached skill level 10 in Axes
  5007 | D:6      | Identified a scroll of acquirement
  5007 | D:6      | Acquired the ring "Quupn" {rC+ Slay+5}
  5029 | D:6      | Reached skill level 11 in Axes
  5045 | D:6      | Found a staircase to the Ecumenical Temple.
  5049 | D:6      | Reached XP level 8. HP: 31/64 MP: 7/7
  5056 | Temple   | Entered the Ecumenical Temple
  5273 | Temple   | Became a worshipper of Makhleb the Destroyer
  5393 | D:6      | Found a glowing silver altar of Zin.
  5412 | D:6      | Reached skill level 12 in Axes
  5451 | D:6      | Found an ancient bone altar of Kikubaaqudgha.
  5610 | D:6      | Found a glowing drain.
  5620 | Sewer    | Entered a sewer
  5699 | Sewer    | Reached * piety under Makhleb
  6189 | D:6      | Identified the +10 hunting sling "Killer Bee's Bane"
                  | {flame, SInv}
  6520 | D:6      | Found a white marble altar of Elyvilon.
  6631 | D:6      | Found an iron altar of Okawaru.
  6682 | D:7      | Reached skill level 13 in Axes
  6693 | D:7      | Slain by a gnoll

Illustrated notes

Levels and vault maps discovered:
D:1:      psy_arrival_dodecagon, layout_rooms,
          shapermc_ecumenical_altar_pompeii, serial_aquarium,
          aquarium_bridge_square [aquarium_subvault_window,
          aquarium_subvault_bridge, aquarium_subvault_wall,
          aquarium_subvault_bridge], aquarium_window_fake, aquarium_window_fake,
          aquarium_window_2, aquarium_view_2d, aquarium_view_2e,
          aquarium_pool_corner, minmay_misc_feat_iff, minmay_misc_feat_hallway
D:2:      layout_loops_ring, serial_shops, nicolae_shop_hallway_stairs
D:3:      layout_basic, amcnicky_altar_gilded, minmay_misc_feat_pillars,
          uniq_crazy_yiuf_cottage
D:4:      layout_gridville, worldfamousw_hep_ancestral_shrine, kennysheep_potato
D:5:      nicolae_cairo_tiling_large, layout_loops_corners, uniq_sigmund,
          uniq_ijyb
D:6:      layout_basic, mainiacjoe_overflow_alcove_2, mainiacjoe_overflow_swirl,
          kiku_gazebo_garden_becter, minmay_temple_entry_statues_fountains,
          portal_sewer_entry_d
D:7:      layout_basic, mainiacjoe_overflow_tiny_flanked
Temple:   cyrus_circular_temple

Skill      XL: |  1  2  3  4  5  6  7  8 |
---------------+-------------------------+-----
Axes           | 3 4 5 6 7 9 11 13 | 13.3
Fighting       | |  3.6
Armour         | |  3.6
Shields        | |  3.6

Action                   |  1- 3 |  4- 6 |  7- 9 || total
-------------------------+-------+-------+-------++-------
Melee: War axe           |    80 |    45 |       ||   125
       Headbutt          |     6 |    14 |    21 ||    41
       Hand axe          |       |    66 |   101 ||   167
  Use: Potion            |       |     1 |     1 ||     2
       Scroll            |       |       |     8 ||     8
 Stab: Sleeping          |       |     1 |     1 ||     2
Armor: Scale mail        |    42 |     1 |       ||    43
       Leather armour    |       |    22 |    26 ||    48
Dodge: Dodged            |    29 |    41 |    37 ||   107
Block: Buckler           |    21 |    18 |     8 ||    47
